 Dungeon Crawl Stone Soup version 0.30-a0-1043-g60ff8d5f49 (webtiles) character file.

Game seed: 5095783271134264463

5 NateTC the Sneak (level 1, 0/14 HPs)
             Began as a Gargoyle Delver on Apr 11, 2023.
             Slain by a gnoll
             ... wielding a +0 club
              (3 damage)
             ... on level 1 of the Dungeon.
             The game lasted 00:02:27 (325 turns).

NateTC the Sneak (Gargoyle Delver)                   Turns: 325, Time: 00:02:28

Health: 0/14       AC: 10    Str: 15    XL:     1   Next: 80%
Magic:  1/1        EV:  7    Int: 10    God:
Gold:   26         SH:  0    Dex: 11    Spells: 0/0 levels left

rFire   . . .      SeeInvis .    a - +0 mace
rCold   . . .      Faith    .    (no shield)
rNeg    + . .      Spirit   .    l - +0 chain mail
rPois   ∞          Reflect  .    (no helmet)
rElec   +          Rampage  .    (no cloak)
rCorr   .                        (no gloves)
Will    .....                    (no boots) Stlth
                                 (no amulet)
HPRegen 0.22/turn                (no ring)
MPRegen 0.07/turn                (no ring)

@: no status effects
A: sickness immunity, AC +2, negative energy resistance 1, electricity
resistance, torment resistance 1, petrification resistance
a: no special abilities


You were on level 1 of the Dungeon.
You visited 2 branches of the dungeon, and saw 6 of its levels.

You collected 26 gold pieces.

Inventory:

Hand Weapons
 a - a +0 mace (weapon)
Armour
 b - a +0 leather armour
 l - a +0 chain mail (worn)
Wands
 g - a wand of digging (3)
Scrolls
 c - a scroll of fog
 d - a scroll of magic mapping
 e - 2 scrolls of fear
 h - 3 scrolls of teleportation {unknown}
 j - a scroll of identify {unknown}
Potions
 f - a potion of haste
 i - a potion of curing {unknown}
 k - a potion of brilliance {unknown}


   Skills:
 + Level 3.3 Fighting
 + Level 2.1 Maces & Flails
 + Level 1.7 Dodging
 + Level 5.5 Stealth


You couldn't memorise any spells.
You didn't know any spells.
Your spell library contained the following spells:

 Spells                   Type           Power      Damage    Failure   Level
 Foxfire                  Conj/Fire      0%         2x1d4     99%         1
 Fireball                 Conj/Fire      0%         3d3       100%        5
 Plasma Beam              Fire/Air       0%         2x1d11    100%        6
 Starburst                Conj/Fire      0%         6d3       100%        6


Dungeon Overview and Level Annotations

Branches:
Dungeon (5/15) Zot: 26949  Temple (1/1) D:5 Zot: 5974

Altars:
Cheibriados
Dithmenos
Fedhas
Kikubaaqudgha
Sif Muna
Trog
Vehumet
Zin

Annotations:
D:3 Pargi


Innate Abilities, Weirdness & Mutations

You are immune to sickness and miasma.
Your stone body is resilient. (AC +2)
You are immune to poison.
You resist negative energy. (rN+)
You are resistant to electric shocks. (rElec)
You are resistant to unholy torment.
You are immune to petrification.


Message History

You see here 5 gold pieces.
You sock the plant!
The plant begins to die.
The plant is lightly damaged.
A rat comes into view.
The gnoll closely misses you.
You barely miss the gnoll.
A nearby plant withers and dies.
The gnoll hits you with a +0 club.
You hit the gnoll.
The gnoll is moderately wounded.
The gnoll hits you but does no damage.
You completely miss the gnoll.
The gnoll is moderately wounded.
The gnoll hits you but does no damage. x2
You closely miss the gnoll.
The gnoll is moderately wounded.
The gnoll hits you with a +0 club.
You hit the gnoll but do no damage.
The gnoll is moderately wounded.
The rat barely misses you. The gnoll hits you but does no damage.
You barely miss the gnoll.
The gnoll is moderately wounded.
The rat bites you. The gnoll hits you with a +0 club.
The rat barely misses you. The gnoll barely misses you.
You barely miss the gnoll.
The gnoll is moderately wounded.
The rat bites you but does no damage. The gnoll barely misses you.
You hit the gnoll.
The gnoll is heavily wounded.
The rat bites you but does no damage. The gnoll hits you but does no damage.
You hit the gnoll but do no damage.
The gnoll is heavily wounded.
A bat comes into view.
The rat bites you but does no damage. The gnoll hits you with a +0 club.
* * * LOW HITPOINT WARNING * * *
You hit the gnoll.
The gnoll is almost dead.
The rat bites you but does no damage. The gnoll hits you with a +0 club.
* * * LOW HITPOINT WARNING * * *
The gnoll hits you with a +0 club.
You die...

# #. #.# #... ...####
#... #....#####..###
###.#....###...###
#...r@.$........>###
#..P.g....#####.....#
#..b..P♣P..##.......##
#..P..♣P..)=......#..##
#...♣P_♣........##......
....♣P♣P.P.###......##..
.#. ♣P..PP.# ###..#.# ##
# .PP....# ##....
......## ###...


You could see a gnoll, a bat and a rat.

Vanquished Creatures
  A hobgoblin (D:2)
  A kobold (D:1)
  A ball python (D:2)
  2 frilled lizards
  A rat (D:2)
6 creatures vanquished.

Vanquished Creatures (others)
  A plant (D:1)
1 creature vanquished.

Grand Total: 7 creatures vanquished

Notes
Turn   | Place    | Note
-------+----------+-------------------------------------------
     0 | D:5      | NateTC the Gargoyle Delver began the quest for the Orb.
     0 | D:5      | Reached XP level 1. HP: 14/14 MP: 1/1
     5 | D:5      | Found a staircase to the Ecumenical Temple.
    10 | D:5      | Noticed a scorpion
    14 | Temple   | Entered the Ecumenical Temple
   111 | D:4      | Noticed a sleepcap
   140 | D:3      | Noticed Pargi
   312 | D:1      | Found a faded altar of an unknown god.
   325 | D:1      | Slain by a gnoll

Illustrated notes

Levels and vault maps discovered:
D:1:      dpeg_arrival_round_b, layout_rooms, serial_shops,
          nicolae_shop_competitors_out_of_business,
          dreamdust_ecumenical_altar_grove, kennysheep_another_room
D:2:      layout_basic, basic_altar, serial_shops,
          nicolae_shop_advertising_works [nicolae_subvault_shop_adworks],
          minmay_fractal_squares_5
D:3:      layout_rooms, kennysheep_generic_room_10, uniq_pargi
D:4:      layout_basic, cheibrodos_sewer_entry_sluice, uniq_menkaure
D:5:      minmay_bubble_buster, layout_rooms, nicolae_overflows_in_rows,
          nicolae_gozag_cash_rules_everything_around_me, old_standard_altar,
          minmay_temple_entry_stoned_glass
Temple:   hellmonk_temple_two_chambers

Action                     || total
---------------------------++-------
  Melee: Mace              ||    19
         Punch             ||     1
   Stab: Sleeping          ||     2
 Armour: Chain mail        ||     9
  Dodge: Dodged            ||    16

Table legend: (Time is in decaauts)
 A = Elapsed time spent in this place.
 B = Non-inter-level travel time spent in this place.
 C = Inter-level travel time spent in this place.
 D = Time resting spent in this place.
 E = Time spent auto-exploring this place.
 F = Levels seen in this place.
 G = Mean time per level.
                   A        B        C        D        E       F      G
               +--------+--------+--------+--------+--------+-----+--------+
         Total |    329 |    329 |      0 |      0 |     18 |   6 |   54.8 |
       Dungeon |    303 |    303 |      0 |      0 |      5 |   5 |   60.6 |
        Temple |     25 |     25 |      0 |      0 |     13 |   1 |   25.0 |
               +--------+--------+--------+--------+--------+-----+--------+

Top non-repeatable levels by time:
     D:2: 98 daAuts
     D:3: 67 daAuts
     D:4: 63 daAuts
     D:1: 49 daAuts
  Temple: 25 daAuts
     D:5: 24 daAuts
